FIQ, neutral male gnomish Wizard ----------- ------ --- --- |.....<...| |.... . .| #####..........| |...----- .-------- -.| |.........| |...|+++| -------.|..|(((| +.| |.........| |...|+++| |[....|.|..|(((| |.| ##..........| ####....|...|+-|..(..|.-|-|...|---.| # -------.--- |...--|--..|.....|..n.-|---..@.| ### |..........|.%.)[|..............## # |........{.----|--k'...........| # ### |..........b.......@@...@......| #### |...--|--......G....-+---|--...| ### |...|...|-------.---| |...|...| |...|(((| |%%.-.-..| |...|...| |...|(((| |%%.|.|..| |...|...| |...-----+------.---- -----...| |............................... -------------------------------- FIQ the Thaumaturge Experience level: 6 Strength: 12 Dexterity: 11 Constitution: 15 Intelligence: 19 Wisdom: 11 Charisma: 10 Health: 0(40) Energy: 47(57) Def: 4 Gold: 375 Moves: 2709 Dungeon seed: iH23o8Z_2CEjT1AC Game ID: FIQ_1512588766 Your Inventory: Coins $ - 375 gold pieces Amulets v - an uncursed amulet versus poison (being worn) Weapons a - a blessed +1 quarterstaff (weapon in hands) l - an uncursed +0 dagger m - an uncursed +0 elven dagger Armor e - an uncursed +0 cloak of magic resistance q - an uncursed +0 pair of gauntlets of dexterity (being worn) Y - an uncursed +0 cloak of protection (being worn) Comestibles j - 2 uncursed pancakes o - an uncursed lichen corpse z - an uncursed lichen corpse G - an uncursed tripe ration Scrolls x - an uncursed scroll of fire A - an uncursed scroll of enchant weapon Potions p - 2 uncursed potions of extra healing B - a blessed potion of object detection D - an uncursed potion of hallucination E - 3 uncursed potions of object detection Rings k - an uncursed ring of invisibility Wands b - an uncursed wand of striking (0:4) u - an uncursed wand of create monster (0:6) Tools h - an uncursed blindfold t - an uncursed towel w - an uncursed tin whistle L - an uncursed leash Gems n - 2 uncursed worthless pieces of yellowish brown glass r - 2 uncursed worthless pieces of green glass y - 2 uncursed worthless pieces of blue glass N - an uncursed chrysoberyl stone Spells and supernatural/magical abilities: Spells marked with '*' are forgotten. Spells marked with '!' are maintained. Spells marked with '#' are aliased with 'castalias'. Name Level Category Fail Memory a - force bolt 1 attack 0% 97% m - magic missile 2 attack 0% 97% w - wizard lock 2 matter 0% 97% z - sleep 1 enchantment 0% 96% H - speed monster 3 escape 45% 97% W - pray for help -- divine ? -- Your skills at the end: Fighting Skills wands [Basic] Weapon Skills quarterstaff [Basic] Spellcasting Skills attack spells [Skilled] enchantment spells [Basic] Final Attributes: You were immune to poison. You were telepathic. You had infravision. You were held by a rope golem. You were protected. You last prayed 398 turns ago. You are dead. Vanquished creatures: a snake an imp a wood nymph 2 water nymphs a fog cloud a yellow light 2 shriekers a golden naga hatchling 3 giant ants 2 little dogs 2 dwarves 3 homunculi a centipede 3 orc zombies 3 dwarf zombies 3 coyotes 2 gas spores 5 hobbits 3 manes a hobgoblin a cave spider 2 brown molds 2 green molds 6 gnomes 10 garter snakes 2 gnome zombies 3 geckos 5 jackals 3 foxes a kobold 4 goblins 3 sewer rats 5 grid bugs 3 bats 3 lichens 2 kobold zombies 5 newts 101 creatures vanquished. Voluntary challenges: You used a wielded weapon 20 times, starting on turn 4. You read items or engraved 16 times, starting on turn 78. You never genocided any monsters. You never polymorphed an object. You never changed form. You used no wishes. You never split a pudding. You never wrote Elbereth's name. You violated your moral code, losing 44 points of alignment, starting on turn 1970. Dungeon overview: The Dungeons of Doom: levels 1 to 3 Level 1 a fountain a long staircase Level 2 some fountains Level 3 some fountains stairs to The Gnomish Mines The Gnomish Mines: levels 4 to 7 Level 4 stairs to The Dungeons of Doom Level 5 Level 6 Level 7 <- You were here many shops, a temple to Thoth, some fountains History has recorded: On T:1 you entered the Dungeons of Doom to retrieve the Amulet of Yendor! On T:314 you reached level 2 of The Dungeons of Doom. On T:451 you reached level 3 of The Dungeons of Doom. On T:469 you advanced to experience level 2. On T:880 you advanced to experience level 3. On T:930 you reached level 1 of The Gnomish Mines. On T:1038 you advanced to experience level 4. On T:1302 you reached level 2 of The Gnomish Mines. On T:1383 you advanced to experience level 5. On T:1718 you reached level 3 of The Gnomish Mines. On T:2257 you reached level 4 of The Gnomish Mines. On T:2484 you advanced to experience level 6. Score breakdown: Gold: 375 ( 8759 points) Experience: 6 levels (12456 points) Exploration: 7 levels ( 15.22%) (10954 points) Discoveries: 6 items ( 2.02%) ( 4264 points) Valuables value: (no points given unless you survive) Artifact value: 0 ( 0 points) Variety of kills: 37 monsters ( 9.74%) ( 9361 points) Turncount: 2709 turns ( -449 points) Survival: died (score multiplied by 80%) Total score: 36276 Latest messages: You see here a towel (66 zorkmids). You see here a tin opener (40 zorkmids). You see here a bag of tricks (133 zorkmids). You stop. The gnome is in the way! The kobold lady hits! You displace the watchman. The kobold lady hits! The rope golem hits! (2x) The rope golem grabs you! You cannot escape from the rope golem! The rope golem hits! (2x) You are being choked. The magic missile hits the rope golem! The magic missile bounces! The kobold lady hits! The rope golem hits! You die... For some reason, you think that you can almost hear the Wizard laugh manically... FIQ suddenly disappears! Final status: Goodbye FIQ the Wizard, killed by a rope golem... You died in The Gnomish Mines on dungeon level 7 with 36276 points, and 375 pieces of gold, after 2709 moves. You were level 6 with a maximum of 40 hit points when you died.